Map: Pillars of Gold LE

Players

Zest - Winner!

  • Race: Protoss Protoss
  • League: Master
  • Spawn Location: 7:00

INnoVation

  • Race: Terran Terran
  • League: Master
  • Spawn Location: 1:00

VOD

Have the link to the VOD?

Description

Time

  • Played on: Feb. 6, 2021, 9:35 a.m.
  • Length: 13:26
Show
View Real Time Build Order
Export as new Build Order

Zest Protoss - Winner!

Build Orders: 1 Gate Expand, Blink Stalkers 

Get SALT Encoding   

  12  0:00  Probe  
  13  0:12  Probe  
  14  0:18  Pylon  
  14  0:24  Probe (Chrono Boost)  
  15  0:36  Probe (Chrono Boost)  
  15  0:38  Gateway  
  16  0:45  Probe (Chrono Boost)  
  16  0:47  Assimilator  
  17  0:51  Probe  
  18  1:03  Probe  
  19  1:15  Probe  
  20  1:24  Nexus  
  20  1:34  Cybernetics Core  
  20  1:37  Probe  
  21  1:42  Assimilator  
  21  1:49  Probe  
  21  1:53  Pylon  
  23  2:01  Probe  
  23  2:08  Stalker (Chrono Boost)  
  23  2:11  Warp Gate  
  23  2:13  Probe (Chrono Boost)  
  27  2:23  Probe (Chrono Boost)  
  27  2:25  Twilight Council  
  27  2:28  Probe (Chrono Boost)  
  27  2:36  Probe  
  29  2:38  Stalker  
  29  2:41  Probe  
  32  2:48  Probe  
  33  2:54  Probe  
  33  2:57  Gateway  
  33  2:58  Blink (Chrono Boost)  
  34  3:00  Probe  
  35  3:09  Probe  
  36  3:13  Probe  
  37  3:21  Probe, Robotics Facility  
  37  3:26  Probe  
  39  3:33  Probe  
  40  3:37  Gateway  
  40  3:40  Probe  
  41  3:42  Gateway  
  41  3:48  Pylon  
  41  3:54  Probe  
  42  4:00  Stalker x2  
  46  4:04  Assimilator  
  46  4:05  Warp Prism (Chrono Boost)  
  48  4:10  Probe x2  
  50  4:22  Pylon  
  50  4:24  Stalker x2  
  50  4:31  Pylon  
  54  4:40  Probe  
  54  4:41  Observer, Pylon  
  56  4:48  Stalker x3  
  56  4:49  Stalker  
  56  4:52  Pylon  
  64  4:54  Probe x2  
  66  5:01  Assimilator  
  66  5:14  Zealot x4  
  70  5:40  Stalker  
  70  5:46  Sentry x2  
  52  6:19  Nexus  
  52  6:36  Pylon  
  52  6:38  Observer  
  52  7:11  Pylon  
  52  7:50  Gateway  
  52  7:52  Assimilator  
  52  7:57  Assimilator  
  50  8:06  Observer  
  50  8:08  Probe  
  51  8:19  Nexus  
  51  8:20  Probe  
  52  8:30  Gateway  
  52  8:32  Probe (Chrono Boost)  
  53  8:45  Probe (Chrono Boost), Cybernetics Core  
  54  8:50  Probe (Chrono Boost)  
  54  8:54  Pylon  
  55  9:08  Pylon x2  
  55  9:25  Observer  
  55  9:26  Probe (Chrono Boost)  
  56  9:31  Probe (Chrono Boost)  
  56  9:33  Gateway  
  56  9:36  Sentry x2  
  62  9:39  Probe (Chrono Boost)  
  62  9:42  Probe (Chrono Boost)  
  62  9:45  Probe (Chrono Boost)  
  64  9:48  Probe (Chrono Boost)  
  65  9:55  Probe (Chrono Boost)  
  65  9:59  Robotics Facility, Probe (Chrono Boost)  
  67  10:01  Sentry x2  
  67  10:06  Pylon  
  72  10:08  Probe (Chrono Boost)  
  72  10:10  Probe (Chrono Boost)  
  73  10:16  Probe  
  72  10:23  Probe  
  72  10:26  Stalker  
  72  10:27  Stalker x2  
  79  10:33  Pylon  
  79  10:34  Assimilator  
  79  10:37  Probe  
  79  10:39  Assimilator  
  81  10:46  Forge  
  81  10:47  Robotics Bay  
  81  10:48  Probe  
  81  10:50  Probe  
  81  10:54  Observer (Chrono Boost)  
  83  11:06  Gateway  
  83  11:17  Nexus  
  83  11:19  Pylon  
  83  11:28  Extended Thermal Lance  
  83  11:30  Probe x2  
  85  11:33  Colossus (Chrono Boost)  
  91  11:48  Twilight Council  
  92  11:54  Probe x2  
  93  12:08  Shield Battery  
  93  12:11  Probe x2  
  93  12:15  Colossus (Chrono Boost), Pylon  
  95  12:17  Shield Battery  
  101  12:36  Observer  
  101  12:37  Stalker x4  
  101  12:39  Observer  
  109  12:52  Gateway  
  109  12:54  Gateway  
  109  13:05  Stalker x3  
  121  13:06  Sentry  
Show
View Real Time Build Order
Export as new Build Order

INnoVation Terran 

Build Orders:  

Get SALT Encoding   

  12  0:00  SCV  
  13  0:12  SCV  
  14  0:17  Supply Depot  
  14  0:24  SCV  
  15  0:39  SCV, Barracks  
  16  0:45  Refinery  
  16  0:51  SCV  
  17  1:03  SCV  
  18  1:15  SCV  
  19  1:25  Marine  
  19  1:27  Orbital Command  
  20  1:41  Command Center  
  20  1:45  Barracks Reactor  
  20  1:53  SCV  
  21  1:57  Supply Depot  
  21  2:05  SCV  
  22  2:09  Barracks  
  22  2:17  SCV  
  22  2:20  Marine  
  22  2:21  Marine  
  25  2:29  SCV  
  26  2:31  Barracks  
  26  2:39  Marine x2  
  26  2:41  SCV  
  29  2:44  Engineering Bay  
  29  2:53  Orbital Command  
  29  2:55  SCV  
  29  2:57  Barracks Tech Lab  
  30  3:00  Marine  
  30  3:02  Marine  
  32  3:07  SCV  
  32  3:11  Terran Infantry Weapons Level 1  
  33  3:15  Stimpack  
  33  3:18  Refinery  
  33  3:21  SCV  
  33  3:22  SCV  
  33  3:24  Barracks Tech Lab  
  33  3:26  Marine  
  36  3:29  Marine  
  36  3:30  Marine  
  36  3:33  SCV  
  39  3:34  SCV  
  39  3:38  Supply Depot  
  40  3:42  Combat Shield  
  40  3:45  Marine  
  40  3:46  Marine  
  40  3:47  SCV  
  44  3:48  SCV  
  44  3:54  Supply Depot  
  44  3:59  Marauder  
  44  4:00  Marauder  
  44  4:01  SCV  
  50  4:02  SCV  
  50  4:04  Marine  
  50  4:05  Marine  
  52  4:10  Supply Depot  
  52  4:13  SCV  
  52  4:15  SCV  
  54  4:21  Marauder x2  
  54  4:22  Marine  
  54  4:23  Marine  
  60  4:27  SCV x2  
  62  4:31  Supply Depot  
  62  4:40  SCV x2  
  62  4:41  Factory  
  62  4:42  Marine x2  
  66  4:47  Marauder x2  
  66  4:51  Refinery  
  70  4:53  SCV x2  
  70  4:54  Supply Depot  
  72  5:03  Marine  
  72  5:06  SCV x2  
  76  5:08  Marauder  
  76  5:10  Marine  
  76  5:11  Marauder  
  76  5:13  Terran Infantry Armor Level 1  
  77  5:18  SCV  
  77  5:19  SCV, Refinery  
  76  5:27  Marine  
  35  6:14  Bunker  
  34  6:29  Command Center  
  32  7:55  Orbital Command  
  32  8:10  Supply Depot  
  32  8:20  Barracks Reactor  
  30  8:39  Supply Depot  
  30  8:53  Supply Depot  
  30  9:01  SCV  
  30  9:13  SCV, Factory  
  31  9:21  Marine x2  
  31  9:25  SCV  
  26  9:37  SCV  
  27  9:40  Marine x2  
  29  9:49  SCV  
  30  9:53  Refinery  
  30  10:01  SCV  
  31  10:13  SCV  
  32  10:14  Starport  
  29  10:25  SCV  
  29  10:26  Factory Reactor  
  30  10:31  Marine  
  31  10:37  SCV  
  32  10:46  Marine  
  32  10:49  Marine  
  34  10:55  SCV  
  35  10:58  Supply Depot  
  35  11:05  Medivac  
  35  11:08  SCV  
  38  11:12  Marine  
  38  11:14  Marine  
  39  11:20  SCV  
  39  11:24  Factory Tech Lab  
  40  11:27  Refinery  
  40  11:32  SCV  
  41  11:38  Marine x2  
  43  11:44  SCV  
  43  11:46  Supply Depot  
  47  11:54  Siege Tank  
  47  12:07  Marine x2  
  47  12:08  Medivac  
  51  12:10  Supply Depot  
  51  12:20  Supply Depot  
  51  12:27  Medivac  
  53  12:30  Marine  
  53  12:32  Marine  
  53  12:49  Marine  
  53  12:50  Marine  
  58  13:07  Marine  
Tags
 
Add a new tag
Caveats
  • Supply blocks, unpowered buildings, or Contaminate may cause inaccurate times.
  • Supply counts are checked every 10 seconds.